 Dungeon Crawl Stone Soup version 0.21-a0-352-g5b8f553 (webtiles) character file.

23 tidbits the Charmwright (level 2, 11/26 HPs)
             Began as a Gnoll Skald on Oct 10, 2017.
             Quit the game on level 2 of the Dungeon.
             The game lasted 00:00:26 (31 turns).

tidbits the Charmwright (Gnoll Skald)                 Turns: 31, Time: 00:00:26

Health: 11/26      AC:  3    Str: 13    XL:     2   Next: 95%
Magic:  0/7        EV: 14    Int: 15    God:
Gold:   12         SH:  0    Dex: 14    Spells: 9/10 levels left

rFire    . . .     SeeInvis .   a - +0 hand axe
rCold    . . .     Gourm    .   (no shield)
rNeg     . . .     Faith    .   b - +0 leather armour
rPois    .         Spirit   .   (no helmet)
rElec    .         Reflect  .   (no cloak)
rCorr    .         Harm     .   (no gloves)
MR       .....                  (no boots)
Stlth    +.........             (no amulet)
HPRegen  0.08/turn              (no ring)
MPRegen  0.10/turn              (no ring)

@: lethally poisoned (11 -> -4), infused (expiring)
A: distributed training, fangs 1, strong nose
a: no special abilities


You were on level 2 of the Dungeon.
You were not hungry.

You visited 1 branch of the dungeon, and saw 2 of its levels.

You collected 12 gold pieces.

Inventory:

Hand Weapons
 a - a +0 hand axe (weapon)
Armour
 b - a +0 leather armour (worn)
Books
 c - a book of Battle

   Spells                             Type                      Level
   a - Infusion                       Charms                       1
   b - Shroud of Golubria             Charms/Translocation         2
   c - Song of Slaying                Charms                       2
   d - Spectral Weapon                Hexes/Charms                 3
   e - Regeneration                   Charms/Necromancy            3
Comestibles
 d - a bread ration


   Skills:
 + Level 4.5 Fighting
 + Level 0.5 Short Blades
 + Level 0.5 Long Blades
 + Level 4.5 Axes
 + Level 0.5 Maces & Flails
 + Level 0.5 Polearms
 + Level 0.5 Staves
 + Level 0.5 Slings
 + Level 0.5 Bows
 + Level 0.5 Crossbows
 + Level 0.5 Throwing
 + Level 2.5 Armour
 + Level 4.5 Dodging
 + Level 0.5 Stealth
 + Level 0.5 Shields
 + Level 0.5 Unarmed Combat
 + Level 4.9 Spellcasting
 + Level 0.5 Conjurations
 + Level 0.5 Hexes
 + Level 6.5 Charms
 + Level 0.5 Summonings
 + Level 0.5 Necromancy
 + Level 0.5 Translocations
 + Level 0.5 Transmutations
 + Level 0.5 Fire Magic
 + Level 0.5 Ice Magic
 + Level 0.5 Air Magic
 + Level 0.5 Earth Magic
 + Level 0.5 Poison Magic
 + Level 0.5 Invocations
 + Level 0.5 Evocations


You had 9 spell levels left.
You knew the following spells:

 Your Spells              Type           Power        Failure   Level  Hunger
i - Infusion              Chrm           ###.         1%          1    None


Dungeon Overview and Level Annotations

Branches:
Dungeon (2/15)

Altars:


Innate Abilities, Weirdness & Mutations

Your experience applies equally to all skills.
You have very sharp teeth.
Your uncanny sense of smell can sniff out nearby items.


Message History

Welcome, tidbits the Gnoll Skald.
It is said that the Orb of Zot exists deep within this dungeon.
Press ? for a list of commands and other information.
Found an escape hatch in the floor.
Found a staircase leading out of the dungeon.
You open the door.
There is an open door here.
You open the door.
Found 12 gold pieces.
There is an open door here.
You now have 12 gold pieces.
A hobgoblin comes into view. It is wielding a club.
The hobgoblin shouts!
Casting: Infusion
Confirm with . or Enter, or press ? or * to list all spells.
You begin infusing your attacks with magical energy.
You hit the hobgoblin.
You bite the hobgoblin, but do no damage.
The hobgoblin is heavily wounded.
The hobgoblin hits you with a club.
You hit the hobgoblin.
You kill the hobgoblin!
Found a stone staircase leading down.
HP restored.
There is a stone staircase leading down here.
You climb downwards. 3 adders, a worker ant, a giant cockroach, a goblin and a dart slug come into view.
The worker ant twitches its antennae in your direction.
The goblin shouts!
The adder hisses angrily. x3
Found a scroll labeled FILOKHL DUMA.
There is a stone staircase leading up here.
You hit the adder!
The adder is almost dead.
The adder bites you.
You hit the adder.
You kill the adder!
You have reached level 2!
You hit the adder. The adder barely misses you.
You hit the adder.
The adder is heavily wounded.
You barely miss the adder. The adder misses you. The adder closely misses you.
The adder misses you. The adder bites you.
You are poisoned.
The adder poisons you!
You barely miss the adder. You bite the adder.
The adder is severely wounded.
You hit the adder. You hit the giant cockroach. You barely miss the goblin.
You feel sick.
The giant cockroach waves its antennae.
The giant cockroach bites you but does no damage.
The adder completely misses you. The adder bites you.
You are more poisoned.
The adder poisons you! The goblin barely misses you.
The giant cockroach closely misses you.
You barely miss the adder. You bite the adder, but do no damage.
The adder is severely wounded.
You miss the adder.
You hit the giant cockroach but do no damage.
You miss the goblin. The adder bites you. The adder completely misses you.
The giant cockroach closely misses you. The goblin barely misses you.
The adder barely misses you.
You barely miss the adder.
The adder is severely wounded.
You hit the adder.
You hit the worker ant but do no damage.
You barely miss the giant cockroach. You hit the goblin.
You feel sick. The adder bites you but does no damage.
The giant cockroach closely misses you. The worker ant bites you.
You are lethally poisoned!
The worker ant poisons you! The adder bites you.
The goblin hits you but does no damage. The adder bites you but does no damage.
You hit the adder.
You kill the adder!
You completely miss the adder. You hit the worker ant.
You hit the giant cockroach. You hit the goblin.
You kill the goblin!
* * * LOW HITPOINT WARNING * * *
You feel sick. The giant cockroach barely misses you.
The worker ant bites you but does no damage.
The adder misses you.
You aren't carrying any potions.
Unknown command.
You barely miss the adder.
The adder is heavily wounded.
You hit the worker ant but do no damage.
You hit the giant cockroach.
You kill the giant cockroach!
Your magical infusion is running out.
* * * LOW HITPOINT WARNING * * *
You feel sick. The worker ant completely misses you.
The adder barely misses you. The worker ant misses you.
You are too injured to fight recklessly!
Are you sure you want to abandon this character and quit the game? (Confirm with "yes".)

## #.## #...##
##.....##
#######.......#
.......†)......
......S@w......
##.....a.....#.
............##
##.......#.##
##...?......
##...#######
####


You could see a worker ant, an adder and a dart slug.

Vanquished Creatures
  2 adders (D:2)
  A giant cockroach (D:2)
  A goblin (D:2)
  A hobgoblin (D:1)
5 creatures vanquished.

Notes
Turn   | Place    | Note
-------+----------+-------------------------------------------
     0 | D:1      | tidbits the Gnoll Skald began the quest for the Orb.
     0 | D:1      | Reached XP level 1. HP: 20/20 MP: 6/6
    22 | D:2      | Noticed a worker ant
    24 | D:2      | Reached XP level 2. HP: 22/26 MP: 2/7
    31 | D:2      | Quit the game

Vault maps used:
D:1:      shiori_arrival_maze
D:2:      overflow_temple_1_default, dancing_weapons_uskayaw,
          lemuel_coloured_pillars_altar, grunt_qazlal_clouds

Action                   || total
-------------------------++-------
Melee: Hand axe          ||    10
       Bite              ||     3
 Cast: Infusion          ||     1
Armor: Leather armour    ||     5
Dodge: Dodged            ||    17

Table legend:
 A = Spawn XP
 B = Non-spawn XP
 C = Spawn XP percentage of total XP
 D = Spawn monster count
 E = Non-spawn monster count
 F = Spawn count percentage of total count
 G = Total turns spent on level
                    A         B        C        D         E        F      G
               +---------+---------+-------+---------+---------+-------+---------
         Total |       0 |      33 |   0.0 |       0 |       5 |   0.0 |    31
               +---------+---------+-------+---------+---------+-------+---------
           D:1 |       0 |       2 |   0.0 |       0 |       1 |   0.0 |    22
           D:2 |       0 |      31 |   0.0 |       0 |       4 |   0.0 |     9
               +---------+---------+-------+---------+---------+-------+---------

Table legend:
 A = Turns spent in this place as a percentage of turns spent in the entire game.
 B = Non-inter-level travel turns spent in this place as a percentage of non-inter-level travel turns spent in the entire game.
 C = Inter-level travel turns spent in this place as a percentage of turns spent in this place.
 D = Turns resting spent in this place as a percentage of non-inter-level travel turns spent in this place.
 E = Turns spent auto-exploring this place as a percentage of non-inter-level travel turns spent in this place.
 F = Non-inter-level travel turns spent in this place divided by the number of levels of this place that you've seen.
                   A       B       C       D       E      F
               +-------+-------+-------+-------+-------+----------------------
         Total | 100.0 | 100.0 |   0.0 |   0.0 |   0.0 |  15.5
       Dungeon | 100.0 | 100.0 |   0.0 |   0.0 |   0.0 |  15.5
               +-------+-------+-------+-------+-------+----------------------

Table legend:
 A = Kills in this place as a percentage of kills in entire the game.
 B = Kills by you in this place as a percentage of kills by you in the entire game.
 C = Kills by friends in this place as a percentage of kills by friends in the entire game.
 D = Other kills in this place as a percentage of other kills in the entire game.
 E = Experience gained in this place as a percentage of experience gained in the entire game.
 F = Experience gained in this place divided by the number of levels of this place that you have seen.
                   A       B       C       D       E      F
               +-------+-------+-------+-------+-------+----------------------
         Total | 100.0 | 100.0 |   N/A |   N/A | 100.0 |  16.5
       Dungeon | 100.0 | 100.0 |   N/A |   N/A | 100.0 |  16.5
               +-------+-------+-------+-------+-------+----------------------

Vault maps used:
D:1:      shiori_arrival_maze
D:2:      overflow_temple_1_default, dancing_weapons_uskayaw,
          lemuel_coloured_pillars_altar, grunt_qazlal_clouds
